 Dungeon Crawl Stone Soup version bcrawl-1.41.1 (webtiles) character file.

Game seed: 11802322115718848531

7874021 Mehrunes the Black Belt (level 21, -5/183 HPs)
             Began as an Octopode Martial Artist on Apr 13, 2024.
             Was the Champion of Wu Jian.
             Slain by a cyan very ugly thing (24 damage)
             ... on level 2 of the Depths on Apr 14, 2024.
             The game lasted 02:33:31 (51383 turns).

Mehrunes the Black Belt (Octopode Martial Artist)  Turns: 51383, Time: 02:33:31

Health: -5/183     AC: 13    Str: 16    XL:     21   Next: 9%
Magic:  28/28      EV: 24    Int: 19    God:    Wu Jian [******]
Gold:   1322       SH:  0    Dex: 21    Spells: 10/30 levels left

rFire    + . .     GDR:     43%   - Ice fists (freeze) (42.1)
rCold    + + +     SeeInvis .   (shield currently unavailable)
rNeg     . . .     Gourm    .   (helmet currently unavailable)
rPois    +         Faith    +   O - scarf {rC+ rF+}
rElec    .         Spirit   .   t - amulet of faith
rCorr    +         Reflect  .   B - +4 ring of strength
MR       +++..                  n - +5 ring of protection
Stlth    +.........             w - ring of protection from cold
HPRegen  0.40/turn              v - ring of resist corrosion
MPRegen  0.21/turn              C - ring of protection from fire
                                a - +5 ring of dexterity (curse)
                                W - ring of protection from cold
                                X - +2 ring of slaying

@: ice-form, corroded, glowing, studying Slings, heavenly storm
A: large, almost no armour, stealthy swim, resist paralysis, amphibious, 8
rings, (constrict 8)
}: 2/15 runes: serpentine, barnacled
a: End Transformation, Wall Jump, Serpent's Lash, Heavenly Storm, Renounce
Religion


You were on level 2 of the Depths.
You worshipped Wu Jian.
Wu Jian was exalted by your worship.
You were not hungry.
You were a creature of crystalline ice.
You visited 7 branches of the dungeon, and saw 29 of its levels.
You also visited: Ossuary and Ice Cave.

You collected 4144 gold pieces.
You spent 2822 gold pieces at shops.

Inventory:

Hand Weapons
 b - the +8 fustibalus of Fuph (melded) {velocity, rF+ Str+5 Int+4}
   (You acquired it on level 8 of the Dungeon)

   Any stone fired from it inflicts extra damage.
   It affects your strength (+5).
   It affects your intelligence (+4).
   It protects you from fire.
Missiles
 j - 7479 stones (quivered)
 o - 2806 sling bullets
 r - 4 throwing nets {=f}
Armour
 O - a scarf of resistance (worn)
Jewellery
 a - a cursed +5 ring of dexterity (on tentacle)
 l - an uncursed ring of see invisible
 n - a +5 ring of protection (right front paw)
 t - an amulet of faith (around neck)
 v - a ring of resist corrosion (on tentacle)
 w - a ring of protection from cold (on tentacle)
 B - a +4 ring of strength (left front paw)
 C - a ring of protection from fire (on tentacle)
 S - a +4 amulet of reflection
 W - a ring of protection from cold (on tentacle)
 X - a +2 ring of slaying (on tentacle)
Wands
 x - a wand of polymorph (12)
 z - a wand of flame (49)
 D - a wand of digging (9)
 E - a wand of iceblast (24)
 G - a wand of clouds (1)
 I - a wand of charming (26)
 L - a wand of acid (16)
 N - a wand of paralysis (57)
 P - a wand of scattershot (12)
Scrolls
 h - 20 scrolls of remove curse
 m - 8 scrolls of teleportation
 s - 8 scrolls of amnesia
 u - a scroll of silence
 A - 5 scrolls of enchant armour
 H - a scroll of blinking
 K - 2 scrolls of enchant weapon
 R - 4 scrolls of revelation
 T - 3 scrolls of vulnerability
 Z - a scroll of summoning
Potions
 c - 11 potions of curing
 d - 2 potions of flight
 g - 2 potions of resistance
 i - a potion of magic
 k - 5 potions of brilliance
 p - 9 potions of haste
 q - 3 potions of ambrosia
 y - 2 potions of might
 F - 8 potions of agility
 J - 5 potions of cancellation
 M - a potion of berserk rage
 Q - 2 potions of mutation
Miscellaneous
 f - a fan of gales (2/2)
 V - a lamp of fire
 Y - a phial of floods
Comestibles
 e - 20 rations {!d}


   Skills:
 + Level 15.8 Fighting
 - Level 16.0 Slings
 + Level 15.7 Dodging
 - Level 1.5 Stealth
 * Level 16.6 Unarmed Combat
 - Level 5.0 Spellcasting
 - Level 4.0 Hexes
 - Level 5.0 Charms
 - Level 3.0 Translocations
 - Level 14.0 Transmutations
 - Level 6.0 Ice Magic
 + Level 10.2 Evocations


You had 10 spell levels left.
You knew the following spells:

 Your Spells              Type           Power        Failure   Level  Hunger
a - Confusing Touch       Hex            ###.....     2%          1    None
b - Ice Form              Ice/Tmut       #####...     1%          4    #####..
c - Blade Hands           Tmut           ######....   1%          5    ######.
d - Spider Form           Tmut/Pois      ###          1%          3    ###....
e - Ozocubu's Armour      Chrm/Ice       ####....     3%          3    ###....
f - Blink                 Tloc           N/A          5%          2    None
g - Passwall              Tmut/Erth      ####....     1%          2    None

Your spell library contained the following spells:

 Spells                   Type           Power        Failure   Level  Hunger
 Beastly Appendage        Tmut           ######       1%          1    None
 Freeze                   Ice            ####..       1%          1    None
 Sticks to Snakes         Tmut           ######..     1%          2    None
 Throw Frost              Conj/Ice       ###...       2%          2    None
 Tree Form                Hex/Tmut       N/A          3%          4    #####..
 Magic Dart               Conj           #...         12%         1    None
 Summon Small Mammal      Summ           #...         12%         1    None
 Call Imp                 Summ           #.....       19%         2    None
 Corpse Rot               Necr           N/A          19%         2    None
 Summon Ice Beast         Ice/Summ       ###.....     34%         4    #####..
 Throw Icicle             Conj/Ice       ###.....     34%         4    #####..
 Call Canine Familiar     Summ           #.......     36%         3    ###....
 Conjure Flame            Conj/Fire      #.......     36%         3    ###....
 Mephitic Cloud           Conj/Pois/Air  #.......     36%         3    ###....
 Stone Arrow              Conj/Erth      #.....       36%         3    ###....
 Summon Forest            Summ/Tloc      ##........   88%         5    ######.
 Bolt of Draining         Conj/Necr      #.........   98%         5    ######.
 Summon Lightning Spire   Summ/Air       #.......     98%         5    ######.
 Bolt of Cold             Conj/Ice       ###.......   99%         6    #######
 Iron Shot                Conj/Erth      #.........   100%        6    #######
 Poison Arrow             Conj/Pois      #.........   100%        6    #######
 Summon Hydra             Summ           #.........   100%        6    #######


Dungeon Overview and Level Annotations

Branches:
Dungeon (12/12)            Temple (0/1) D:6            Lair (6/6) D:7
 Shoals (3/3) Lair:2        Snake (3/3) Lair:4        Slime (0/5) Orc
    Orc (1/1) D:11         Vaults (2/3) D:11         Forest (0/3) Lair:5
  Crypt (0/2) Vaults:1     Depths (2/5) D:12

Altars:
Cheibriados
Elyvilon
Gozag
Makhleb
Nemelex Xobeh
Sif Muna
Vehumet
Xom
Yredelemnul
Zin
Jiyva

Shops:
D:4 %   D:10 (   Orc (??*   Snake:2 *   Vaults:1 }(   Vaults:2 *

Portals:
Hell: Depths:1 Depths:2
Abyss: Depths:1 Depths:2
Trove: Depths:2 (lose all piety)

Annotations:
D:3 Grinder
D:10 1 runed door


Innate Abilities, Weirdness & Mutations

You cannot wear most types of armour.
You are very stealthy in the water. (Stealth+)
Your unusual nervous system resists paralysis.
You are amphibious.
You can wear up to eight rings at the same time.
((You can use your tentacles to constrict eight enemies at once.))
((Your skin changes colour to match your surroundings (Stealth+).))
((Your rubbery body absorbs attacks. (AC +1, EV +1)))


Message History

The white ugly thing is moderately wounded.
You feel less exhausted.
You hear a horrible gurgling sound!
The cyan very ugly thing barely misses you.
The white ugly thing tail-slaps you but does no damage.
A cyan very ugly thing comes into view.
You spin and attack the cyan very ugly thing.
The cyan very ugly thing gurgles horribly!
You hit the cyan very ugly thing but do no damage.
You spin and attack the cyan very ugly thing.
You punch the cyan very ugly thing! You freeze the cyan very ugly thing.
The cyan very ugly thing is lightly wounded.
The cyan very ugly thing tail-slaps you!
* * * LOW HITPOINT WARNING * * *
The cyan very ugly thing shocks you!!
* * * LOW HITPOINT WARNING * * *
The cyan very ugly thing claws you!
* * * LOW HITPOINT WARNING * * *
The cyan very ugly thing shocks you!!
You die...

##'#####.#.......#.#
#.##....#.......#.#
..##.#..#.......#.#
..## #..'.......#.#
........#.......'.#
##.##.##.#.......#.#
#' #.#...§§§§#§# .
#.# #'#§§§§§# .C #.#
#.#§uY§§# .. #.#
#§uuu§# #.# #§☼☼§§#
#☼○☼☼.# u○☼☼☼☼☼#
#u#.....# #'#.....uu
. .........
#............


You could see 3 very ugly things and a white ugly thing.

Vanquished Creatures
  Vashnia (Snake:3)
  Frances (D:10)
  2 wendigos (Depths:2)
  A titan (Depths:2)
  A ghoul (Vaults:1)
  A kraken (Shoals:3)
  Agnes (Snake:3)
  4 frost giants
  A tengu reaver (Depths:2)
  A balrug (Depths:1)
  7 nagarajas
  Louise (Depths:1)
  4 vault wardens
  Aizul (Snake:3)
  4 ironheart preservers
  6 stone giants
  11 very ugly things (Depths:2)
  A vampire knight (Depths:1)
  3 dire elephants (Vaults:1)
  A deep elf death mage (Depths:2)
  A deep elf annihilator (Depths:1)
  Snorg (D:11)
  An eidolon (Vaults:1)
  A spark wasp (Depths:2)
  3 merfolk javelineers (Shoals:3)
  6 ettins
  A crystal guardian (Vaults:2)
  6 yaktaur captains
  6 merfolk impalers
  A fire dragon (Depths:2)
  5 ice dragons
  A spriggan air mage (Depths:2)
  Erica (Lair:1)
  2 ogre magi
  7 hydras
  2 merfolk aquamancers (Shoals:3)
  3 great orbs of eyes
  18 naga warriors
  4 catoblepae (Lair:6)
  10 merfolk avatars
  2 death knights (Vaults:1)
  4 anacondas
  9 death yaks
  5 satyrs
  6 two-headed ogres
  4 alligator snapping turtles
  2 deep troll shamans (Depths:1)
  6 deep troll earth magi
  14 sea snakes
  12 naga sharpshooters
  A spriggan berserker (Depths:2)
  An ironheart beastmaster (Vaults:1)
  2 shock serpents
  A deep elf knight (Vaults:2)
  20 deep trolls
  2 sun demons (Depths:1)
  3 fire crabs (shapeshifter)
  22 centaur warriors
  2 salamander mystics (Snake:3)
  6 skeletal warriors
  A glowing orange brain (D:12)
  2 unseen horrors (D:12)
  7 naga ritualists (Snake:3)
  4 cyclopes
  A deep elf archer (Vaults:2)
  5 wizards
  3 ironheart convokers
  A lindwurm (shapeshifter) (Vaults:2)
  A wolf spider zombie (D:12)
  A phantasmal warrior (Vaults:1)
  5 necromancers
  A sphinx zombie (Depths:2)
  15 fauns
  9 harpies
  16 naga magi
  5 deep elf magi
  A human zombie (Vaults:2)
  7 orc sorcerers (Orc)
  A tengu skeleton (Depths:2)
  3 stone giant zombies
  11 mana vipers
  14 manticores
  8 salamanders
  26 ugly things
  A salamander (shapeshifter) (D:12)
  A frost giant skeleton (Depths:1)
  5 merfolk sirens
  5 elephants (Lair:6)
  3 water nymphs
  28 black mambas
  2 vault sentinels (Vaults:2)
  10 guardian serpents
  An ice statue (IceCv)
  A kobold demonologist (D:12)
  3 rime drakes
  15 cane toads
  11 komodo dragons
  13 freezing wraiths
  41 yaktaurs
  A yaktaur zombie (Vaults:2)
  3 eyes of draining
  A queen bee (shapeshifter) (D:12)
  2 trolls
  3 harpy zombies (Shoals:1)
  A meliai (shapeshifter) (D:12)
  3 meliai (D:12)
  3 wind drakes
  A shadow dragon simulacrum (Depths:1)
  2 polar bears
  19 merfolk
  A hornet (shapeshifter) (Depths:2)
  Prince Ribbit (D:5)
  An ettin zombie (Depths:2)
  6 snapping turtles
  10 blink frogs
  5 harpy skeletons
  15 hippogriffs
  3 hornets
  2 meliai zombies (D:12)
  A sphinx simulacrum (Vaults:2)
  2 dream sheep (Lair:5)
  17 slime creatures
  Sigmund (D:4)
  2 shadows (D:11)
  A spriggan (shapeshifter) (Depths:1)
  4 wraiths
  61 yaks
  A wyvern (D:10)
  9 water elementals
  A hog (shapeshifter) (D:12)
  A human (shapeshifter) (Depths:1)
  12 humans (D:11)
  4 vampire mosquitoes (D:12)
  2 basilisks
  2 hungry ghosts
  A death yak simulacrum (IceCv)
  A spriggan simulacrum (Depths:1)
  6 wargs (Orc)
  43 nagas
  A two-headed ogre zombie (D:11)
  8 water moccasins
  11 crocodiles
  13 porcupines
  2 floating eyes (shapeshifter) (D:12)
  2 sky beasts
  A soldier ant (shapeshifter) (D:12)
  2 hornet zombies
  An alligator simulacrum (IceCv)
  7 ice beasts
  3 phantoms
  2 necrophages
  7 orc warriors
  11 ogres
  An ettin simulacrum (Vaults:2)
  8 boggarts
  A wolf (Orc)
  A human skeleton (Vaults:2)
  15 bullfrogs
  An elf zombie (Ossuary)
  5 kobold brigands
  A hippogriff zombie (Shoals:1)
  A gnoll sergeant (D:12)
  15 centaurs
  A water moccasin skeleton (D:5)
  2 wyvern skeletons
  2 scorpions
  2 troll zombies (D:11)
  2 human simulacra (Vaults:2)
  5 killer bees (D:8)
  3 wights (D:11)
  An electric eel (Snake:3)
  16 orc priests
  3 howler monkeys
  7 crimson imps
  A bullfrog zombie (D:6)
  4 draconian simulacra (IceCv)
  Crazy Yiuf (D:2)
  A gnoll shaman (D:9)
  2 hounds
  3 jellies
  3 bullfrog skeletons
  35 orc wizards
  Ijyb (D:5)
  Jessica (D:3)
  5 iguanas
  8 hell rats
  A polar bear simulacrum (IceCv)
  5 troll simulacra (IceCv)
  6 worker ants
  A wolf simulacrum (IceCv)
  5 ogre zombies (D:11)
  2 hound skeletons
  3 mummies (Ossuary)
  2 worker ant zombies (D:9)
  Robin (D:3)
  9 gnolls
  A howler monkey skeleton (D:8)
  5 naga simulacra (IceCv)
  2 river rats (D:7)
  9 adders
  4 ogre simulacra (IceCv)
  A shadow imp (D:10)
  13 white imps
  2 centaur simulacra (IceCv)
  4 oozes
  An adder zombie (D:7)
  An adder skeleton (D:9)
  4 worms
  3 dart slugs
  6 leopard geckos
  70 orcs
  4 giant cockroaches
  9 hobgoblins
  9 jackals
  5 quokkas
  A ball python (D:1)
  6 bats
  4 frilled lizards
  12 goblins
  2 goblin skeletons (D:11)
  4 goblin zombies
  2 hobgoblin skeletons (D:11)
  4 hobgoblin zombies
  20 kobolds
  A kobold zombie (Ossuary)
  4 orc skeletons (D:11)
  14 orc zombies
  A quokka skeleton (D:4)
  5 rats
  A fungus (Lair:6)
  3 plants (Shoals:1)
  A tentacle (Shoals:3)
1302 creatures vanquished.

Vanquished Creatures (collateral kills)
  A merfolk aquamancer (Shoals:3)
1 creature vanquished.

Vanquished Creatures (others)
  A naga warrior (Snake:3)
  A polar bear (Orc)
  A troll (Orc)
  14 fungi
  32 plants
  7 tentacles (Shoals:3)
56 creatures vanquished.

Grand Total: 1359 creatures vanquished

Notes
Turn   | Place    | Note
-------+----------+-------------------------------------------
     0 | D:1      | Mehrunes the Octopode Martial Artist began the quest for
                  | the Orb.
     0 | D:1      | Reached XP level 1. HP: 16/16 MP: 2/2
    82 | D:1      | Reached XP level 2. HP: 21/21 MP: 3/3
   496 | D:2      | Reached XP level 3. HP: 26/26 MP: 4/4
   579 | D:2      | Reached ** piety under Wu Jian
   693 | D:2      | Found a runed door.
   826 | D:2      | Found a shimmering altar of Xom.
   826 | D:2      | Found a white marble altar of Elyvilon.
  1109 | D:2      | Found a radiant altar of Vehumet.
  1155 | D:3      | Noticed Grinder
  1219 | D:2      | Noticed Crazy Yiuf
  1223 | D:2      | Killed Crazy Yiuf
  1224 | D:2      | Reached XP level 4. HP: 10/31 MP: 3/5
  1342 | D:3      | Noticed Jessica
  1368 | D:3      | Killed Jessica
  1399 | D:3      | Reached XP level 5. HP: 32/36 MP: 6/6
  1609 | D:3      | Noticed Robin
  1633 | D:3      | Killed Robin
  1634 | D:3      | Reached skill level 5 in Unarmed Combat
  1812 | D:3      | Reached *** piety under Wu Jian
  2000 | D:3      | Found a glowing silver altar of Zin.
  2411 | D:4      | Noticed an ogre
  2424 | D:4      | Reached XP level 6. HP: 43/43 MP: 7/7
  2594 | D:4      | Noticed a yak
  2647 | D:4      | Killed a yak
  2648 | D:4      | Reached XP level 7. HP: 17/48 MP: 8/8
  2751 | D:4      | Found a shimmering altar of Xom.
  3203 | D:4      | Found Sisivav's Food Shop.
  3235 | D:4      | Noticed Sigmund
  3253 | D:4      | Killed Sigmund
  3254 | D:4      | Reached skill level 1 in Evocations
  3282 | D:4      | Reached XP level 8. HP: 50/54 MP: 9/9
  3681 | D:5      | Entered Level 5 of the Dungeon
  3758 | D:5      | Reached skill level 5 in Fighting
  3758 | D:5      | Reached skill level 5 in Dodging
  3802 | D:5      | Identified the +3 chain mail of Kikubaaqudgha {*Contam
                  | Regen+ Str+2 SInv}
  3834 | D:5      | Found a shimmering altar of Xom.
  3912 | D:5      | Noticed Prince Ribbit
  3922 | D:5      | Killed Prince Ribbit
  3942 | D:5      | Reached **** piety under Wu Jian
  3987 | D:5      | Noticed Ijyb
  3994 | D:5      | Killed Ijyb
  4101 | D:5      | Noticed a hornet
  4111 | D:5      | Killed a hornet
  4112 | D:5      | Reached skill level 1 in Slings
  4170 | D:5      | Found a sand-covered staircase.
  4177 | Ossuary  | Entered an ossuary
  4177 | Ossuary  | Noticed a wraith
  4177 | Ossuary  | Noticed a wraith
  4177 | Ossuary  | Noticed a wraith
  4202 | Ossuary  | Reached XP level 9. HP: 59/61 MP: 11/11
  4583 | D:5      | Found a shimmering blue altar of Sif Muna.
  5216 | D:6      | Found an opulent altar of Gozag.
  5229 | D:6      | Found a staircase to the Ecumenical Temple.
  5471 | D:6      | Reached ***** piety under Wu Jian
  5596 | D:6      | Found a sparkling altar of Nemelex Xobeh.
  5759 | D:6      | Reached skill level 5 in Evocations
  5759 | D:6      | Reached XP level 10. HP: 54/69 MP: 13/13
  6360 | D:7      | Noticed a death yak
  6612 | D:7      | Noticed a death yak
  6769 | D:8      | Identified a scroll of acquirement
  6770 | D:8      | Identified the +8 fustibalus of Fuph {velocity, rF+ Str+5
                  | Int+4} (You acquired it on level 8 of the Dungeon)
  7259 | D:8      | Found a snail-covered altar of Cheibriados.
  7470 | D:8      | Got a buzzing hunting sling
  7613 | D:8      | Reached skill level 10 in Unarmed Combat
  7856 | D:8      | Found a burning altar of Makhleb.
  8171 | D:9      | Reached skill level 5 in Slings
  8889 | D:10     | Entered Level 10 of the Dungeon
  8889 | D:10     | Noticed a six-headed hydra
  9461 | D:9      | Killed a six-headed hydra
  9461 | D:9      | Reached ****** piety under Wu Jian
  9462 | D:9      | Reached XP level 11. HP: 77/77 MP: 14/14
  9852 | D:10     | Found Venotiegh's Antique Weapon Emporium.
  9934 | D:10     | Noticed a brown ugly thing
  9939 | D:10     | Killed a brown ugly thing
  9946 | D:10     | Found a runed door.
  9976 | D:10     | Noticed Frances
 10566 | D:6      | Killed a death yak
 10600 | D:7      | Noticed a death yak
 10633 | D:6      | Killed a death yak
 10742 | D:7      | Found a staircase to the Lair.
 10797 | Lair:1   | Entered Level 1 of the Lair of Beasts
 11133 | Lair:1   | Noticed Erica
 11291 | Lair:1   | Killed Erica
 11923 | Lair:2   | Reached XP level 12. HP: 85/85 MP: 15/15
 12081 | Lair:2   | Reached skill level 10 in Slings
 12168 | Lair:2   | Noticed a six-headed hydra
 12179 | Lair:2   | Killed a six-headed hydra
 12429 | Lair:2   | Found a staircase to the Shoals.
 13432 | Lair:3   | Reached skill level 10 in Fighting
 13445 | Lair:3   | Reached skill level 10 in Dodging
 14157 | Lair:3   | Noticed a six-headed hydra
 14165 | Lair:3   | Killed a six-headed hydra
 14605 | Lair:4   | Reached XP level 13. HP: 93/93 MP: 16/16
 15502 | Lair:4   | Found a staircase to the Snake Pit.
 16528 | Lair:5   | Found a staircase to the Spriggan Forest.
 17049 | Lair:5   | Got a fine long sword
 17500 | Lair:6   | Entered Level 6 of the Lair of Beasts
 18138 | Lair:6   | Reached XP level 14. HP: 101/101 MP: 17/17
 20419 | D:7      | Learned a level 4 spell: Ice Form
 20425 | D:7      | Learned a level 5 spell: Blade Hands
 20567 | D:10     | Killed Frances
 20568 | D:10     | Reached skill level 1 in Transmutations
 20568 | D:10     | Reached skill level 1 in Ice Magic
 20799 | D:11     | Noticed Snorg
 20945 | D:11     | Killed Snorg
 21190 | D:11     | Found a staircase to the Orcish Mines.
 21654 | D:11     | Found a gate to the Vaults.
 22470 | Orc      | Entered the Orcish Mines
 22471 | Orc      | Found a frozen archway.
 22518 | Orc      | Reached XP level 15. HP: 103/109 MP: 18/18
 22584 | IceCv    | Entered an ice cave
 22835 | IceCv    | Found an ancient bone altar of Kikubaaqudgha.
 23517 | Orc      | Found a viscous altar of Jiyva.
 23518 | Orc      | Found a staircase to the Slime Pits.
 23523 | Orc      | Found a viscous altar of Jiyva.
 24003 | Orc      | Found a roughly hewn altar of Beogh.
 24091 | Orc      | Reached skill level 5 in Transmutations
 24325 | Orc      | Found a roughly hewn altar of Beogh.
 24565 | Orc      | Found a roughly hewn altar of Beogh.
 24604 | Orc      | Found Idoup's Magic Scroll Boutique.
 24605 | Orc      | Found Fuenofeu's Weapon Shoppe.
 24793 | Orc      | Found Ixto's Magic Scroll Shoppe.
 24811 | Orc      | Found Ulociata's General Store.
 25034 | D:12     | Entered Level 12 of the Dungeon
 25390 | D:12     | Reached skill level 15 in Slings
 25466 | D:12     | Reached skill level 5 in Ice Magic
 27038 | D:12     | Found a staircase to the Depths.
 27358 | Snake:1  | Entered Level 1 of the Snake Pit
 28034 | Snake:1  | Reached XP level 16. HP: 75/117 MP: 15/19
 28252 | Snake:1  | Noticed a nagaraja
 32413 | Snake:1  | Killed a nagaraja
 33295 | Snake:2  | Found Seps's Superlative Supplies.
 33302 | Snake:2  | Found a basalt altar of Yredelemnul.
 33303 | Snake:2  | Bought a manual of Slings for 1435 gold pieces
 33303 | Snake:2  | Bought a +2 ring of slaying for 130 gold pieces
 33577 | Snake:3  | Entered Level 3 of the Snake Pit
 34196 | Snake:3  | Noticed a nagaraja
 34214 | Snake:3  | Killed a nagaraja
 34884 | Snake:3  | Learned a level 3 spell: Spider Form
 35108 | Snake:3  | Noticed Vashnia
 35118 | Snake:3  | Killed Vashnia
 35119 | Snake:3  | Reached XP level 17. HP: 98/123 MP: 21/21
 35412 | Snake:3  | Reached skill level 10 in Transmutations
 35746 | Snake:3  | Noticed Aizul
 36716 | Snake:3  | Killed Aizul
 37086 | Snake:3  | Noticed Agnes
 37088 | Snake:3  | Killed Agnes
 37375 | Snake:3  | Got a serpentine rune of Zot
 37599 | Snake:2  | Learned a level 3 spell: Ozocubu's Armour
 37602 | Snake:2  | Learned a level 2 spell: Blink
 37729 | Shoals:1 | Entered Level 1 of the Shoals
 38003 | Shoals:1 | Reached skill level 1 in Translocations
 38027 | Shoals:1 | Reached skill level 1 in Charms
 38279 | Shoals:1 | Reached XP level 18. HP: 131/131 MP: 25/25
 39086 | Shoals:2 | Reached skill level 5 in Spellcasting
 39870 | Shoals:3 | Entered Level 3 of the Shoals
 41606 | Shoals:3 | Got a barnacled rune of Zot
 41888 | Shoals:3 | Learned a level 2 spell: Passwall
 43084 | Vaults:1 | Entered Level 1 of the Vaults
 43107 | Vaults:1 | Found Juarux's Gadget Shop.
 43156 | Vaults:1 | Bought a fan of gales (2/2) for 390 gold pieces
 43156 | Vaults:1 | Bought a wand of paralysis (9) for 130 gold pieces
 43156 | Vaults:1 | Bought a lamp of fire for 520 gold pieces
 43544 | Vaults:1 | Reached XP level 19. HP: 137/137 MP: 26/26
 44646 | Vaults:1 | Reached skill level 5 in Charms
 45541 | Vaults:1 | Found a staircase to the Crypt.
 45747 | Vaults:1 | Found Beeskyik's Weapon Shop.
 46920 | Vaults:2 | Reached skill level 15 in Fighting
 46966 | Vaults:2 | Reached skill level 15 in Unarmed Combat
 47199 | Vaults:2 | Reached skill level 15 in Dodging
 47743 | Vaults:2 | Found Lohiof's Assorted Antiques.
 47752 | Vaults:2 | Bought a scroll of blinking for 217 gold pieces
 47808 | Vaults:2 | Reached XP level 20. HP: 145/145 MP: 27/27
 48282 | Depths:1 | Entered Level 1 of the Depths
 48284 | Depths:1 | Found a one-way gate to the infinite horrors of the Abyss.
 48285 | Depths:1 | Noticed Louise
 48295 | Depths:1 | Killed Louise
 49510 | Depths:1 | Found a gateway to Hell.
 51086 | Depths:2 | Found a portal to a secret trove of treasure.
 51170 | Depths:2 | Reached skill level 10 in Evocations
 51369 | Depths:2 | Reached XP level 21. HP: 153/153 MP: 28/28
 51383 | Depths:2 | Slain by a cyan very ugly thing

Skill      XL: |  1  2  3  4  5  6  7  8  9 10 11 12 13 14 15 16 17 18 19 20 |
---------------+-------------------------------------------------------------+-----
Hexes          | 2 3 4 |  4.0
Unarmed Combat | 5 6 8 9 10 11 13 14 15 16 | 16.6
Fighting       | 4 5 6 7 9 10 11 12 13 14 15 | 15.8
Dodging        | 4 5 6 7 9 10 11 12 13 14 15 | 15.7
Evocations     | 1 3 5 6 8 10 | 10.2
Slings         | 1 3 6 9 11 13 14 15 16 | 16.0
Transmutations | 3 7 9 11 12 13 14 | 14.0
Ice Magic      | 3 5 6 |  6.0
Spellcasting   | 3 4 5 |  5.0
Translocations | 1 3 |  3.0
Charms         | 1 4 5 |  5.0
Stealth        | |  1.5

Action                   |  1- 3 |  4- 6 |  7- 9 | 10-12 | 13-15 | 16-18 | 19-21 || total
-------------------------+-------+-------+-------+-------+-------+-------+-------++-------
Melee: Unarmed           |    63 |   103 |   230 |   226 |   210 |  1056 |   902 ||  2790
       Constrict         |    18 |    25 |    45 |    23 |     6 |     2 |       ||   119
       Tentacles         |    15 |    25 |    70 |    56 |    34 |    21 |       ||   221
       Punch             |     2 |     4 |    22 |    24 |    12 |     6 |       ||    70
       Dagger            |       |       |     3 |       |       |       |       ||     3
       Fustibalus        |       |       |       |     2 |     2 |     3 |       ||     7
 Fire: Hunting sling     |       |       |    20 |     6 |       |       |       ||    26
       Fustibalus        |       |       |       |   401 |  1253 |   321 |    47 ||  2022
Throw: Throwing net      |       |       |       |     3 |       |       |       ||     3
 Cast: Confusing Touch   |     1 |     2 |     1 |     8 |       |       |       ||    12
       Ice Form          |       |       |       |       |     7 |    18 |     4 ||    29
       Blade Hands       |       |       |       |       |       |     9 |       ||     9
       Ozocubu's Armour  |       |       |       |       |       |       |     5 ||     5
Invok: Heavenly Storm    |       |       |       |     1 |     1 |     9 |     5 ||    16
 Abil: Lunge             |    15 |    19 |    23 |     7 |    13 |    73 |    62 ||   212
       Whirlwind         |     4 |     1 |     5 |    48 |    64 |   477 |   489 ||  1088
       Serpent's Lash    |       |       |     1 |     7 |     3 |    10 |     8 ||    29
       End Transformatio |       |       |       |       |       |    11 |     4 ||    15
Evoke: Wand              |       |       |     5 |       |    14 |     5 |     1 ||    25
       Phial of floods   |       |       |       |       |       |     1 |       ||     1
       Lamp of fire      |       |       |       |       |       |       |     2 ||     2
  Use: Scroll            |     3 |       |     3 |    10 |    14 |     9 |     4 ||    43
       Potion            |       |     1 |     3 |     5 |     2 |     7 |     2 ||    20
 Stab: Sleeping          |    13 |     6 |    12 |     4 |     1 |     1 |     2 ||    39
       Invisible         |       |       |     2 |       |       |       |       ||     2
       Distracted        |       |       |     1 |       |       |     3 |     5 ||     9
       Confused          |       |       |       |     1 |       |       |       ||     1
       Held in net/web   |       |       |       |     7 |       |       |       ||     7
  Eat: Chunk             |     2 |     6 |    12 |    27 |    49 |    43 |    33 ||   172
       Ration            |       |       |     1 |     4 |     8 |    13 |     5 ||    31
Armor: Skin              |     2 |     7 |    22 |    32 |    61 |   120 |   112 ||   356
Dodge: Dodged            |    23 |    41 |   115 |   157 |   484 |   660 |   437 ||  1917
